 Dungeon Sprint DCSS version 0.29-a0-322-g68df515428 (webtiles) character file.

Game seed: 2116634720022846844

161 mhtbhm the Slasher (level 5, -2/52 HPs)
             Began as a Draconian Berserker on Apr 9, 2022.
             Was a Priest of Trog.
             Slain by a worm (5 damage)
             ... in the Dungeon (Sprint IX: "|||||||||||||||||||||||||||||").
             The game lasted 00:00:24 (139 turns).

mhtbhm the Slasher (Draconian Berserker)             Turns: 139, Time: 00:00:25

Health: -2/52      AC:  5    Str: 21    XL:     5   Next: 19%
Magic:  5/5        EV: 13    Int:  8    God:    Trog [***...]
Gold:   0          SH:  0    Dex: 10    Spells: 4/4 levels left

rFire   . . .      SeeInvis .   a - +0 falchion
rCold   . . .      Faith    .   (no shield)
rNeg    . . .      Spirit   .   (body armour unavailable)
rPois   .          Reflect  .   (helmet restricted)
rElec   .          Harm     .   (no cloak)
rCorr   .          Rampage  .   (no gloves)
Will    .....      NoTele   +   (no boots)
Stlth   +.........              (no amulet)
HPRegen 0.17/turn               (no ring)
MPRegen 0.09/turn               (no ring)

@: on berserk cooldown, slowed, very slow
A: AC +5, unfitting armour, cold-blooded
a: Renounce Religion, Berserk, Trog's Hand


You were in the Dungeon.
You worshipped Trog.
Trog was most pleased with you.
You visited 1 branch

Inventory:

Hand Weapons
 a - a +0 falchion (weapon)
Scrolls
 g - a scroll of blinking
Potions
 d - a potion of haste
 e - 2 potions of magic
 f - a potion of berserk rage


   Skills:
 + Level 7.3 Fighting
 + Level 7.3 Long Blades
 + Level 5.8 Dodging


You had 4 spell levels left.
You didn't know any spells.
Your spell library was empty.

Dungeon Overview and Level Annotations

Branches:
Dungeon (1/1)

Altars:


Innate Abilities, Weirdness & Mutations

Your plain brown scales are hard. (AC +5)
You cannot fit into any form of body armour.
You are cold-blooded and may be slowed by cold attacks.


Message History

You slash the necrophage!
You destroy the necrophage!
Trog accepts your kill.
The white imp hits you but does no damage.
Your life force feels restored.
Your Fighting skill increases to level 7!
Your Long Blades skill increases to level 7!
You have reached level 5!
You hit the white imp but do no damage. The white imp closely misses you.
You slash the white imp!
The white imp is almost dead.
The white imp gestures at you. The puff of frost hits you!
* * * LOW HITPOINT WARNING * * *
The white imp gestures at you. The puff of frost hits you.
* * * LOW HITPOINT WARNING * * *
You hit the white imp but do no damage.
The white imp is almost dead.
The white imp barely misses you.
You hit the white imp but do no damage.
The white imp is almost dead.
The white imp gestures at you. The puff of frost hits you.
* * * LOW HITPOINT WARNING * * *
Unknown command.
You feel better.
The white imp hits you but does no damage.
The white imp gestures at you. The puff of frost hits you!
* * * LOW HITPOINT WARNING * * *
You slash the white imp!
You kill the white imp!
Trog accepts your kill.
Unknown command.
Unknown command.
You hit the worm.
The worm is lightly wounded.
The worm bites you.
You die...

▓+▓
▓.▓
▓.▓
▓.▓
▓.▓
▓w▓
▓@▓
▓.▓
▓.▓
▓.▓
▓.▓
▓.▓
▓)▓
▓.▓
▓.▓


You could see a worm.

Vanquished Creatures
  A necrophage (D)
  A scorpion (D)
  An iguana (D)
  A white imp (D)
  A giant cockroach (D)
  A hobgoblin (D)
  A quokka (D)
  2 goblins (D)
9 creatures vanquished.

Notes
Turn   | Place    | Note
-------+----------+-------------------------------------------
     0 | D        | mhtbhm the Draconian Berserker began the quest for the Orb.
     0 | D        | Reached XP level 1. HP: 19/19 MP: 1/1
    13 | D        | Reached ** piety under Trog
   104 | D        | Noticed a necrophage
   104 | D        | Noticed an iguana
   104 | D        | Noticed a scorpion
   112 | D        | Killed a scorpion
   113 | D        | Reached skill level 5 in Fighting
   113 | D        | Reached skill level 5 in Long Blades
   113 | D        | Reached XP level 2. HP: 21/30 MP: 2/2
   113 | D        | Reached XP level 3. HP: 25/37 MP: 3/3
   117 | D        | Reached *** piety under Trog
   118 | D        | Reached skill level 5 in Dodging
   118 | D        | Reached XP level 4. HP: 21/44 MP: 4/4
   132 | D        | Killed a necrophage
   133 | D        | Reached XP level 5. HP: 21/52 MP: 5/5
   136 | D        | HP: 2/52 [white imp/puff of frost (5)]
   139 | D        | Slain by a worm

Illustrated notes

Levels and vault maps discovered:
D:        linesprint [early_d, line_temple, items_1, d_10, items_2, lair_1,
          lair_end, items_3, orc_1, orc_end, items_4, d_15, swamp_1, shoals_1,
          snake_1, spider_1, d_20, vaults_1, items_5, swamp_end, shoals_end,
          snake_end, spider_end, vaults_end, d_27, items_6, zot_1, zot_end,
          crypt_end, forest_end, elf_end, slime_end, tomb_end, abyss_end,
          pan_hell_end]

Skill      XL: |  1  2  3  4 |
---------------+-------------+-----
Dodging        | 4 5 |  5.8
Fighting       | 5 6 7 |  7.3
Long Blades    | 5 6 7 |  7.3

Action                   |  1- 3 |  4- 6 || total
-------------------------+-------+-------++-------
Melee: Falchion          |    30 |    19 ||    49
       Tailslap          |     7 |     1 ||     8
       Punch             |       |     1 ||     1
Invok: Berserk           |     1 |       ||     1
  Use: Potion            |       |     2 ||     2
Armor: Skin              |     4 |     8 ||    12
Dodge: Dodged            |    15 |    11 ||    26

Table legend: (Time is in decaauts)
 A = Elapsed time spent in this place.
 B = Non-inter-level travel time spent in this place.
 C = Inter-level travel time spent in this place.
 D = Time resting spent in this place.
 E = Time spent auto-exploring this place.
 F = Levels seen in this place.
 G = Mean time per level.
                   A        B        C        D        E       F      G
               +--------+--------+--------+--------+--------+-----+--------+
         Total |    146 |    146 |      0 |     76 |      3 |   1 |  146.0 |
       Dungeon |    146 |    146 |      0 |     76 |      3 |   1 |  146.0 |
               +--------+--------+--------+--------+--------+-----+--------+

Top non-repeatable levels by time:
       D: 146 daAuts
